cohdb
Replays
Latest Replays
All Replays
Popular Replays
Top Player Replays
Match Explorer
How It Works
Community
CoH3 Stats
Reddit
Sign in to upload your games and track your stats! →
Sign in with Steam
Match 42643556
Unlisted
Match 42643556
Overview
Messages
Build Orders
End
Kettenkrad Recon Vehicle
Construct Infanterie Kompanie
Grenadier Squad
Grenadier Squad
Infanterie Officer Quarters
GrW 34 Mortar Team
Construct Panzergrenadier Kompanie
Construct Luftwaffe Kompanie
Flak 30 Anti-aircraft Gun Team
MG 42 Machine Gun Team
Jäger Squad
Luftwaffe Officer Quarters
Construct Panzergrenadier Kompanie
251 Medium Carrier
Selects Breakthrough Battlegroup
Selects 2.5-tonne Cargo Truck
Selects Assault Grenadiers
Selects Blitzkrieg
Selects Breakthrough
Panzergrenadier Squad
Pak 40 Anti-tank Gun Team
Support Elements
Pioneer Squad
Breakthrough
StuG III G Assault Gun
즈타
Onoyk
0
0
Comments
sign in to comment!
No comments posted yet!